Map: Romanticide LE

Players

KingCobra

  • Race: Protoss Protoss

HeroMarine - Winner!

  • Race: Terran Terran

Event: DreamHack SC2 Masters 2021 Winter

VOD

Have the link to the VOD?

Description

Time

  • Played on: Oct. 9, 2021, 1:11 p.m.
  • Length: 13:22

All games in this series

Show
View Real Time Build Order
Export as new Build Order

KingCobra Protoss 

Build Orders: Phoenix Opening, Carriers, Colossus Rush 

Get SALT Encoding   

  12  0:00  Probe  
  13  0:12  Probe  
  14  0:16  Pylon  
  14  0:24  Probe  
  15  0:35  Gateway  
  15  0:37  Probe (Chrono Boost)  
  16  0:47  Assimilator, Probe (Chrono Boost)  
  17  0:52  Probe (Chrono Boost)  
  18  0:57  Pylon  
  18  1:04  Probe (Chrono Boost)  
  19  1:05  Assimilator  
  19  1:13  Probe (Chrono Boost)  
  19  1:18  Probe (Chrono Boost)  
  20  1:23  Cybernetics Core  
  21  1:30  Probe  
  24  1:42  Probe  
  25  1:59  Nexus  
  25  2:00  Adept  
  26  2:11  Stargate  
  26  2:12  Probe (Chrono Boost)  
  27  2:22  Pylon  
  27  2:23  Probe (Chrono Boost)  
  27  2:28  Probe (Chrono Boost)  
  28  2:30  Sentry  
  30  2:38  Probe  
  30  2:43  Shield Battery  
  31  2:50  Probe  
  32  2:54  Phoenix  
  32  2:57  Adept  
  36  3:03  Probe (Chrono Boost)  
  37  3:09  Robotics Facility  
  37  3:11  Probe (Chrono Boost)  
  38  3:15  Probe (Chrono Boost)  
  39  3:21  Probe (Chrono Boost)  
  39  3:22  Probe (Chrono Boost)  
  39  3:24  Phoenix  
  39  3:26  Probe (Chrono Boost)  
  43  3:31  Adept  
  46  3:34  Probe  
  46  3:38  Probe  
  48  3:45  Pylon  
  48  3:47  Probe  
  49  3:50  Probe  
  49  3:54  Assimilator, Pylon  
  50  3:56  Assimilator  
  50  3:58  Observer (Chrono Boost)  
  50  3:59  Phoenix  
  53  4:09  Probe  
  54  4:17  Immortal (Chrono Boost)  
  54  4:19  Probe  
  59  4:30  Probe  
  61  4:31  Probe  
  61  4:32  Pylon, Forge  
  61  4:33  Phoenix  
  63  4:42  Probe  
  63  4:43  Probe  
  63  4:44  Pylon  
  63  4:45  Robotics Bay  
  65  4:54  Immortal (Chrono Boost), Probe  
  65  4:55  Probe  
  70  5:25  Probe  
  70  5:26  Probe  
  70  5:33  Colossus (Chrono Boost)  
  70  5:37  Nexus  
  70  5:38  Probe x2, Pylon  
  78  5:45  Photon Cannon  
  78  5:49  Protoss Air Weapons Level 1 (Chrono Boost), Shield Battery  
  78  5:50  Phoenix, Probe  
  81  5:58  Probe  
  81  6:03  Fleet Beacon  
  82  6:11  Photon Cannon  
  82  6:12  Probe x2, Stargate  
  84  6:19  Disruptor (Chrono Boost)  
  87  6:29  Pylon  
  87  6:32  Probe x2  
  89  6:34  Photon Cannon  
  89  6:35  Shield Battery  
  89  6:40  Photon Cannon, Shield Battery  
  89  6:44  Probe x2  
  89  6:45  Disruptor (Chrono Boost)  
  94  6:54  Carrier (Chrono Boost)  
  100  7:01  Assimilator  
  100  7:04  Photon Cannon  
  100  7:05  Assimilator  
  100  7:11  Probe x2  
  102  7:15  Carrier (Chrono Boost)  
  102  7:17  Observer, Pylon  
  108  7:37  Photon Cannon  
  108  7:41  Photon Cannon  
  108  7:43  Photon Cannon, Disruptor (Chrono Boost)  
  111  7:45  Shield Battery  
  111  7:52  Carrier (Chrono Boost)  
  117  8:02  Shield Battery  
  117  8:15  Nexus  
  117  8:16  Disruptor (Chrono Boost)  
  120  8:27  Pylon  
  120  8:28  Pylon  
  120  8:41  Pylon  
  120  8:45  Carrier, Pylon  
  120  8:46  Assimilator  
  126  8:51  Protoss Air Weapons Level 2 (Chrono Boost)  
  126  8:52  Assimilator  
  106  9:20  Carrier  
  106  9:23  Cybernetics Core  
  111  9:25  Pylon  
  111  9:27  Pylon  
  111  9:28  Assimilator  
  111  9:33  Observer (Chrono Boost)  
  112  9:39  Probe x2  
  112  9:40  Probe  
  112  9:44  Probe  
  116  9:52  Observer (Chrono Boost)  
  116  9:59  Probe x4  
  121  10:02  Carrier  
  121  10:05  Stargate  
  127  10:10  Stargate, Protoss Air Armor Level 1 (Chrono Boost)  
  127  10:11  Probe x3  
  130  10:19  Photon Cannon  
  130  10:22  Photon Cannon  
  120  10:45  Carrier (Chrono Boost)  
  120  10:47  Probe x2  
  128  10:54  Observer  
  128  10:56  Carrier (Chrono Boost)  
  146  11:14  Carrier (Chrono Boost)  
  146  11:19  Carrier (Chrono Boost)  
  140  11:34  Probe x3  
  140  11:36  Observer  
  141  11:40  Carrier (Chrono Boost)  
  147  11:48  Pylon  
  147  11:50  Pylon  
  147  12:05  Disruptor (Chrono Boost)  
Show
View Real Time Build Order
Export as new Build Order

HeroMarine Terran - Winner!

Build Orders:  

Get SALT Encoding   

  12  0:00  SCV  
  13  0:12  SCV  
  14  0:17  Supply Depot  
  14  0:24  SCV  
  15  0:38  SCV  
  15  0:40  Barracks  
  16  0:43  Refinery  
  16  0:50  SCV  
  17  1:03  SCV  
  18  1:15  SCV  
  19  1:27  Orbital Command  
  19  1:28  Barracks Reactor  
  19  1:40  Command Center  
  19  1:50  Supply Depot  
  19  1:52  SCV  
  20  2:04  SCV  
  20  2:07  Factory  
  21  2:10  Marine x2  
  23  2:16  SCV  
  23  2:18  Refinery  
  24  2:28  Marine x2  
  24  2:29  SCV  
  27  2:41  SCV  
  28  2:45  Marine  
  28  2:46  Marine  
  28  2:50  Factory Tech Lab  
  30  2:52  Starport  
  30  2:54  SCV  
  31  3:04  Marine x2  
  33  3:06  SCV  
  33  3:09  Orbital Command  
  34  3:13  Cyclone  
  34  3:18  SCV  
  38  3:22  Marine x2  
  40  3:30  SCV  
  40  3:33  Supply Depot  
  41  3:35  SCV  
  41  3:37  Medivac  
  44  3:42  SCV, Marine  
  46  3:54  Supply Depot, SCV x2, Siege Tank  
  52  4:02  Supply Depot  
  52  4:06  SCV x2  
  53  4:16  Viking  
  55  4:19  Command Center  
  55  4:20  SCV  
  55  4:22  SCV  
  57  4:26  Siege Tank  
  60  4:32  SCV  
  60  4:34  Supply Depot, SCV, Marine  
  60  4:35  Marine  
  64  4:44  SCV  
  65  4:46  SCV, Viking  
  65  4:51  Barracks  
  68  4:56  Supply Depot, SCV, Marine x2  
  68  4:58  SCV  
  72  5:03  Siege Tank  
  72  5:08  SCV  
  72  5:10  SCV  
  73  5:14  Marine x2  
  73  5:20  SCV  
  69  5:22  SCV  
  69  5:25  Starport Tech Lab  
  69  5:27  Refinery  
  67  5:28  Engineering Bay  
  67  5:30  Barracks  
  67  5:32  Marine x2, Orbital Command  
  67  5:33  SCV  
  67  5:35  SCV  
  67  5:40  Siege Tank  
  70  5:45  SCV  
  70  5:47  SCV  
  70  5:49  Orbital Command  
  72  5:50  Marine x2  
  72  5:55  Refinery  
  75  5:57  SCV, Barracks x2  
  75  5:58  Missile Turret  
  75  5:59  SCV  
  75  6:01  Terran Infantry Weapons Level 1, Marine  
  75  6:03  Stimpack  
  77  6:09  SCV  
  77  6:11  Missile Turret, SCV, Marine  
  79  6:13  Starport Reactor  
  79  6:16  SCV  
  79  6:18  Missile Turret  
  81  6:20  Barracks Tech Lab  
  81  6:21  SCV, Marine x2  
  81  6:23  SCV  
  81  6:24  Siege Tank  
  88  6:26  Supply Depot  
  88  6:28  SCV  
  88  6:29  Marine  
  90  6:33  SCV  
  90  6:35  SCV  
  90  6:38  Supply Depot, Marine  
  90  6:39  Marine  
  94  6:40  SCV  
  94  6:41  Supply Depot, Combat Shield, Marine  
  94  6:45  SCV  
  97  6:47  Barracks Tech Lab, Barracks Reactor, SCV, Marine  
  97  6:53  SCV  
  100  6:56  Siege Tank, Marine x2  
  100  6:57  SCV  
  100  6:59  SCV, Marine  
  100  7:00  Supply Depot, Refinery  
  108  7:01  Medivac  
  108  7:02  Refinery  
  108  7:04  Supply Depot  
  108  7:05  SCV  
  108  7:08  Marine x2  
  111  7:09  Medivac  
  111  7:14  Supply Depot, Marine x2  
  117  7:16  Marine  
  117  7:20  Missile Turret  
  117  7:21  SCV  
  120  7:22  SCV  
  120  7:23  SCV  
  120  7:25  Marine x2  
  120  7:26  Marine x2  
  125  7:31  Medivac  
  125  7:32  Marine x2  
  125  7:34  Marine  
  130  7:37  Factory  
  130  7:41  Medivac  
  130  7:42  Marine  
  130  7:43  Marine  
  130  7:44  Marine x2  
  134  7:50  Command Center, Marine  
  134  7:51  Supply Depot  
  137  7:52  Supply Depot, Marine  
  137  7:53  Marine  
  137  7:54  Concussive Shells  
  137  7:55  Terran Infantry Armor Level 1  
  138  8:00  Marine x2  
  138  8:01  Marine  
  138  8:02  Marauder  
  143  8:08  Marine  
  143  8:10  Marine x2  
  143  8:11  Viking  
  143  8:12  Siege Tank, Viking  
  151  8:18  Marine x2  
  151  8:19  Marine  
  153  8:23  Marine  
  153  8:24  Factory Tech Lab  
  155  8:30  Marine  
  155  8:31  Armory  
  156  8:37  Marine x2  
  156  8:40  Marauder x2  
  152  8:41  Viking, Marine x2  
  152  8:42  Viking  
  152  8:44  Siege Tank  
  152  8:47  Marine  
  162  8:48  Siege Tank  
  162  8:55  Marine x2  
  158  9:00  SCV x2  
  158  9:01  SCV  
  159  9:11  Marauder x2, Medivac, Marine  
  159  9:12  Marauder, SCV x2, Marine  
  159  9:13  Medivac  
  159  9:14  Marine  
  145  9:20  Marine  
  149  9:27  Starport  
  149  9:28  Terran Vehicle Weapons Level 1  
  149  9:29  Marine x2  
  150  9:32  Marine x4  
  150  9:33  SCV  
  150  9:34  SCV x2  
  150  9:38  Marine  
  158  9:42  Medivac  
  158  9:43  Medivac  
  158  9:45  Orbital Command  
  156  9:47  Marine x2  
  156  9:50  Marine x4  
  156  9:52  Thor  
  168  9:55  Marine, Thor  
  168  9:58  Terran Infantry Weapons Level 2  
  175  10:05  Marine x2  
  177  10:08  Starport Reactor, Marine x3  
  177  10:10  Refinery x2  
  177  10:11  Supply Depot  
  177  10:12  Supply Depot  
  177  10:13  Marine x2  
  182  10:16  Medivac  
  182  10:19  Medivac  
  182  10:20  Starport  
  186  10:23  Marine x2  
  188  10:31  Marine x3  
  188  10:32  Marine x2  
  175  10:40  Marine  
  175  10:41  Marine  
  175  10:42  Thor  
  176  10:46  Viking, Thor  
  176  10:48  Marine x2  
  176  10:49  Viking  
  185  10:51  Command Center  
  185  11:00  Starport Reactor  
  185  11:01  Viking  
  185  11:02  Viking  
  185  11:03  Marine x4  
  193  11:04  Armory  
  193  11:05  Marine  
  193  11:06  Marine x2  
  196  11:12  Engineering Bay  
  196  11:21  Marine x4  
  196  11:22  Marine  
  196  11:24  Marine x2  
  188  11:34  Viking  
  188  11:35  Viking  
  188  11:37  Viking  
  188  11:38  Marine  
  195  11:42  Siege Tank x2, Viking x2  
  195  11:43  Viking  
  195  11:58  Marine x3  
  195  11:59  Marine x2  
  200  12:05  Orbital Command  
  200  12:13  Starport x2  
  187  12:37  Thor x2  
  187  12:38  Viking  
  187  12:40  Viking x4  
  187  12:41  Viking  
  187  12:45  Marine  
  181  12:54  Marine  
  181  12:55  Marine x3  
  181  12:57  Marine  
  181  12:58  Marine  
  173  13:03  Marine  

Tags
 
Add a new tag
Caveats
  • Supply blocks, unpowered buildings, or Contaminate may cause inaccurate times.
  • Supply counts are checked every 10 seconds.